 Dungeon Crawl Stone Soup version 0.24-a0-41-gf098211c9e (webtiles) character file.

Game seed: 5310048660095547010

1047 MirrMurr the Jinx (level 8, 0/37 HPs)
             Began as a Spriggan Enchanter on Feb 3, 2019.
             Was a Believer of Okawaru.
             Slain by a hippogriff (2 damage)
             ... on level 7 of the Dungeon.
             The game lasted 00:19:06 (7087 turns).

MirrMurr the Jinx (Spriggan Enchanter)              Turns: 7087, Time: 00:19:07

Health: 0/37       AC:  3    Str:  6    XL:     8   Next: 5%
Magic:  10/15      EV: 20    Int: 17    God:    Okawaru [**....]
Gold:   325        SH:  0    Dex: 16    Spells: 4/15 levels left

rFire    . . .     SeeInvis +   a - +3 dagger
rCold    . . .     Gourm    .   (shield restricted)
rNeg     . . .     Faith    .   x - +1 robe
rPois    +         Spirit   .   (helmet restricted)
rElec    .         Reflect  .   (no cloak)
rCorr    .         Harm     .   (gloves unavailable)
MR       +....                  (boots unavailable)
Stlth    ++++......             d - amulet of magic regeneration
HPRegen  0.12/turn              n - ring of poison resistance
MPRegen  0.39/turn              v - +1 ring of evasion

@: very quick
A: very small, unfitting armour, see invisible, herbivore, speed 3, slow
metabolism 2
a: Heroism, Renounce Religion


You were on level 7 of the Dungeon.
You worshipped Okawaru.
Okawaru was pleased with you.
You were hungry.

You visited 2 branches of the dungeon, and saw 8 of its levels.

You collected 325 gold pieces.

Inventory:

Hand Weapons
 a - a +3 dagger (weapon)
 b - a +0 hunting sling
 q - a +0 blowgun
 w - a +0 rapier
Missiles
 g - 13 poisoned needles
 j - 167 stones (quivered)
 s - 37 sling bullets
Armour
 x - a +1 robe (worn)
Jewellery
 d - an amulet of magic regeneration (around neck)
 n - a ring of poison resistance (left hand)
 v - a +1 ring of evasion (right hand)
 C - an uncursed ring of fire
Wands
 y - a wand of random effects (8)
Scrolls
 e - 3 scrolls of teleportation
 m - 2 scrolls of magic mapping
 p - 2 scrolls of blinking
 r - 3 scrolls of remove curse
Potions
 f - 2 potions of cancellation {unknown}
 h - 3 potions of might
 i - a potion of ambrosia {unknown}
 k - 3 potions of heal wounds {unknown}
 l - 2 potions of brilliance
 o - 2 potions of lignification
 t - 2 potions of curing {unknown}
 u - 3 potions of agility
 z - a potion of berserk rage {unknown}
Comestibles
 c - 10 rations


   Skills:
 + Level 0.3 Fighting
 - Level 5.0 Short Blades
 + Level 3.5 Dodging
 - Level 8.1 Stealth
 - Level 4.0 Spellcasting
 - Level 8.3 Hexes


You had 4 spell levels left.
You knew the following spells:

 Your Spells              Type           Power        Failure   Level  Hunger
a - Ensorcelled Hibernat  Hex/Ice        ###...       4%          2    ##.....
b - Confuse               Hex            ####....     1%          3    ###....
c - Tukima's Dance        Hex            ####....     1%          3    ###....
d - Dazzling Spray        Conj/Hex       ###...       9%          3    ###....

Your spell library contained the following spells:

 Spells                   Type           Power        Failure   Level  Hunger
 Corona                   Hex            ####...      1%          1    None


Dungeon Overview and Level Annotations

Branches:
Dungeon (7/15)             Temple (1/1) D:5

Altars:
Hepliaklqana
Okawaru
Trog

Annotations:
D:3 2 transporters


Innate Abilities, Weirdness & Mutations

You are very small and have problems with some larger weapons.
You are too small for most types of armour.
You have supernaturally acute eyesight. (SInv)
You are a herbivore.
You cover ground extremely quickly.
You need to consume almost no food.


Message History

The hippogriff bites you. The hippogriff pecks you. The hippogriff claws you.
a - a +3 dagger (weapon)
The hippogriff misses you. The hippogriff closely misses you. x2
Casting: Confuse (safe; 1% risk of failure)
Confirm with . or Enter, or press ? or * to list all spells.
Aiming: Confuse (safe; 1% risk of failure)
Press: ? - help, Shift-Dir - straight line, f/p - hippogriff
Aim: a hippogriff (severely wounded, chance to defeat MR: 55%)
The hippogriff appears confused.
You barely miss the hippogriff.
The hippogriff is severely wounded.
The hippogriff misses you. The hippogriff pecks you.
* * * LOW HITPOINT WARNING * * *
The hippogriff closely misses you.
You barely miss the hippogriff.
The hippogriff is severely wounded.
The hippogriff bites you!
* * * LOW HITPOINT WARNING * * *
The hippogriff misses you. The hippogriff claws you.
You die...

##.####........
#.####........
#)...+........ ....
##.####........ #.#.##
#............. .....
#.........########...##
#..................... #
####.#.#..##...###.#.#.#
#.#.##@##.#.###.#.#.#
....##H##.#....)....#
##..###g##.#####.#.#.# .
#..###g##.....<.#.#.#..
..........g...g.....)...
###.###.#...............
............)...##.
#####.#.####.##..#
.....# #.# ..#


You could see a hippogriff (confused), a gnoll sergeant and a gnoll.

Vanquished Creatures
  A phantom (D:6)
  An ogre (D:7)
  A centaur (D:5)
  A bullfrog (D:6)
  A scorpion (D:5)
  A wight (D:6)
  A crimson imp (D:5)
  2 hounds
  A quasit (D:6)
  An orc priest (D:6)
  A jelly (D:5)
  A bullfrog skeleton (D:6)
  2 iguanas
  4 worker ants
  A hound zombie (D:7)
  A hound skeleton (D:6)
  3 gnolls (D:7)
  6 adders
  An adder skeleton (D:6)
  3 worms
  A dart slug (D:2)
  2 leopard geckos
  10 orcs
  4 giant cockroaches
  11 goblins
  6 hobgoblins
  10 jackals
  4 quokkas
  2 ball pythons
  5 bats
  4 frilled lizards
  4 kobolds
  5 rats
102 creatures vanquished.

Vanquished Creatures (collateral kills)
  An orc warrior (D:6)
  A gnoll (D:5)
  An orc (D:6)
  A jackal skeleton (D:6)
4 creatures vanquished.

Vanquished Creatures (others)
  A dancing weapon (D:7)
1 creature vanquished.

Grand Total: 107 creatures vanquished

Notes
Turn   | Place    | Note
-------+----------+-------------------------------------------
     0 | D:1      | MirrMurr the Spriggan Enchanter began the quest for the
                  | Orb.
     0 | D:1      | Reached XP level 1. HP: 9/9 MP: 5/5
    55 | D:1      | You fall through a shaft!
   376 | D:1      | Reached skill level 5 in Stealth
   522 | D:1      | Reached XP level 2. HP: 13/13 MP: 4/6
   526 | D:1      | Learned a level 2 spell: Ensorcelled Hibernation
  1669 | D:2      | Reached XP level 3. HP: 6/16 MP: 2/8
  1674 | D:2      | Learned a level 3 spell: Confuse
  2207 | D:3      | Found a transporter.
  3116 | D:3      | Reached XP level 4. HP: 21/21 MP: 5/9
  3473 | D:3      | Found a bloodstained altar of Trog.
  3475 | D:3      | Found an iron altar of Okawaru.
  3485 | D:3      | Became a worshipper of Warmaster Okawaru
  3698 | D:3      | Found a transporter.
  3706 | D:3      | Noticed a two-headed ogre
  3709 | D:3      | Found a hazy altar of Hepliaklqana.
  3959 | D:4      | Learned a level 3 spell: Tukima's Dance
  4164 | D:4      | Reached XP level 5. HP: 13/24 MP: 1/10
  4745 | D:5      | Entered Level 5 of the Dungeon
  4901 | D:5      | Reached * piety under Okawaru
  5110 | D:5      | Reached XP level 6. HP: 19/28 MP: 4/11
  5288 | D:5      | Learned a level 3 spell: Dazzling Spray
  5558 | D:5      | Found a staircase to the Ecumenical Temple.
  5567 | Temple   | Entered the Ecumenical Temple
  5622 | D:5      | Reached skill level 5 in Hexes
  6204 | D:6      | Reached skill level 5 in Short Blades
  6204 | D:6      | Reached XP level 7. HP: 32/32 MP: 13/13
  6469 | D:6      | Reached ** piety under Okawaru
  6976 | D:7      | Reached XP level 8. HP: 36/36 MP: 12/15
  7042 | D:7      | Noticed a hippogriff
  7087 | D:7      | Slain by a hippogriff

Vault maps used:
D:1:      giann_wishing_wells, solitary_fountain, minmay_split_cup_small
D:3:      cheibrodos_greedy_goblins, chequers_temple_overflow_statue_of_worship,
          gammafunk_temple_overflow_arena, first_ration, grunt_ministairs_11
D:5:      minmay_angry_zag, minmay_temple_entry_waves
D:6:      kennysheep_generic_room_3
D:7:      grunt_ogre_cave, uniq_pikel, uniq_joseph, uniq_prince_ribbit1
Temple:   regret_index_temple_mists

Skill      XL: |  1  2  3  4  5  6  7 |
---------------+----------------------+-----
Stealth        | 5 6 7 8 |  8.1
Short Blades   | 2 3 4 5 |  5.0
Spellcasting   | 3 4 |  4.0
Hexes          | 5 8 |  8.3
Fighting       | |  0.3
Dodging        | |  3.5

Action                   |  1- 3 |  4- 6 |  7- 9 || total
-------------------------+-------+-------+-------++-------
Melee: Dagger            |   214 |   147 |    48 ||   409
       Rapier            |       |       |    29 ||    29
 Fire: Hunting sling     |       |     6 |       ||     6
 Cast: Corona            |     7 |       |       ||     7
       Ensorcelled Hiber |    11 |    28 |    12 ||    51
       Confuse           |     4 |     1 |     9 ||    14
       Tukima's Dance    |       |     1 |     3 ||     4
  Use: Scroll            |     3 |    10 |     4 ||    17
 Stab: Sleeping          |    13 |    24 |    14 ||    51
       Confused          |     1 |     2 |     5 ||     8
  Eat: Ration            |     1 |     2 |     1 ||     4
Armor: Robe              |    23 |     9 |     8 ||    40
Dodge: Dodged            |   201 |   106 |    84 ||   391

Table legend:
 A = Non-vault XP
 B = Vault XP
 C = Vault XP percentage of total XP
 D = Non-vault monster count
 E = Vault monster count
 F = Vault count percentage of total count
                 A         B        C        D         E       F
            +---------+---------+-------+---------+---------+-------
      Total |    1389 |     107 |   7.2 |      87 |      19 |  17.9
            +---------+---------+-------+---------+---------+-------
        D:1 |      15 |       5 |  25.0 |       9 |       3 |  25.0
        D:2 |      29 |       0 |   0.0 |      10 |       0 |   0.0
        D:3 |      63 |      23 |  26.7 |      22 |      12 |  35.3
        D:4 |     155 |       0 |   0.0 |      11 |       0 |   0.0
        D:5 |     406 |      20 |   4.7 |      13 |       3 |  18.8
        D:6 |     544 |      59 |   9.8 |      17 |       1 |   5.6
        D:7 |     177 |       0 |   0.0 |       5 |       0 |   0.0
            +---------+---------+-------+---------+---------+-------
